 Dungeon Crawl Stone Soup version 0.30-a0-371-gad7725a93e (webtiles) character file.

Game seed: 2127310358246271656

32 sanka the Conjurer (level 2, 0/24 HPs)
             Began as a Demigod Reaver on Nov 20, 2022.
             Slain by a hobgoblin (4 damage)
             ... led by Robin
             ... on level 1 of the Dungeon.
             The game lasted 00:02:53 (988 turns).

sanka the Conjurer (Demigod Reaver)                  Turns: 988, Time: 00:02:54

Health: 0/24       AC:  3    Str: 13    XL:     2   Next: 96%
Magic:  7/7        EV: 11    Int: 15    God:
Gold:   11         SH:  0    Dex: 12    Spells: 2/5 levels left

rFire   . . .      SeeInvis .    a - +0 mace
rCold   . . .      Faith    .    (no shield)
rNeg    . . .      Spirit   .    b - +0 leather armour
rPois   .          Reflect  .    (no helmet)
rElec   .          Harm     .    (no cloak)
rCorr   .          Rampage  .    (no gloves)
Will    .....                    (no boots)
Stlth   +.........               (no amulet)
HPRegen 0.24/turn                (no ring)
MPRegen 0.10/turn                (no ring)

@: no status effects
A: high MP 1, forlorn, divine attributes
a: no special abilities


You were on level 1 of the Dungeon.
You visited 1 branch of the dungeon, and saw 2 of its levels.

You collected 61 gold pieces.
You spent 50 gold pieces at shops.


Innate Abilities, Weirdness & Mutations

You have an increased reservoir of magic. (+10% MP)
You shall have no god before yourself.
Your divine heritage dramatically boosts your attributes as you level up.


   Skills:
 - Level 1.7 Fighting
 - Level 2.6 Maces & Flails
 - Level 1.7 Dodging
 + Level 1.0 Unarmed Combat
 - Level 2.0 Spellcasting
 - Level 3.0 Conjurations
 - Level 1.0 Necromancy
 - Level 1.0 Translocations


You had 2 spell levels left.
You knew the following spells:

 Your Spells              Type           Power      Damage    Failure   Level
u - Momentum Strike       Conj/Tloc      14%        3d8       19%         2
y - Kiss of Death         Conj/Necr      28%        2d7       12%         1

Your spell library contained the following spells:

 Spells                   Type           Power      Damage    Failure   Level
 Beastly Appendage        Tmut           2%         N/A       28%         1
 Wereblood                Tmut           1%         N/A       38%         2
 Hailstorm                Conj/Ice       6%         3d4       41%         3
 Spider Form              Tmut/Pois      1%         N/A       63%         3

Inventory:

Hand Weapons
 a - a +0 mace (weapon)
Armour
 b - a +0 leather armour (worn)
Scrolls
 c - a scroll of enchant armour {unknown}
 f - a scroll of poison {unknown}
Potions
 d - a potion of cancellation {unknown}
 e - a potion of magic {unknown}
 g - a potion of mutation {unknown}
 h - a potion of heal wounds {@q2}
 i - a potion of might {unknown}

Dungeon Overview and Level Annotations

Branches:
Dungeon (2/15)

Shops:
D:1 *!:

Annotations:
D:2 Robin

▒.▒
▒.................▒.....▒▒..▒
▒.▒
▒▒▒▒▒▒▒▒.▒.▒.▒▒.▒..........)▒
..▒ ▒.▒.▒.▒▒...▒.....▒▒▒.▒
▒▒▒ ▒.▒.▒.▒▒▒▒▒▒▒....▒ ▒.▒
▒.▒....▒▒▒▒▒▒▒.▒.▒ ▒.▒
▒....▒.........▒.▒ ▒..
▒▒▒.>g.▒▒▒▒▒▒▒▒▒.▒▒▒▒▒ ▒.▒g▒▒
▒...... ▒.▒p▒ ▒▒▒▒▒▒▒ ▒.▒.▒
▒.▒.▒ ▒.▒.▒ ▒.>.▒ ▒▒▒▒▒


You could see a hobgoblin and a goblin.


Message History

* * * LOW HITPOINT WARNING * * *
You hit the hobgoblin but do no damage.
The hobgoblin is almost dead.
The hobgoblin hits you but does no damage.
You hit the hobgoblin but do no damage.
The hobgoblin is almost dead.
The hobgoblin misses you.
You closely miss the hobgoblin.
The hobgoblin is almost dead.
The hobgoblin barely misses you. The hobgoblin closely misses you.
You closely miss the hobgoblin.
The hobgoblin is almost dead.
The hobgoblin closely misses you.
You hit the hobgoblin but do no damage.
The hobgoblin is almost dead.
The hobgoblin barely misses you.
You hit the hobgoblin but do no damage.
The hobgoblin is almost dead.
The hobgoblin closely misses you.
You hit the hobgoblin but do no damage.
The hobgoblin is almost dead.
The hobgoblin hits you.
* * * LOW HITPOINT WARNING * * *
The hobgoblin hits you.
* * * LOW HITPOINT WARNING * * *
You barely miss the hobgoblin.
The hobgoblin is almost dead.
The hobgoblin hits you.
You die...

Action                   || total
-------------------------++-------
Melee: Mace              ||   121
       Punch             ||     1
Armor: Leather armour    ||    23
Dodge: Dodged            ||    96

Levels and vault maps discovered:
D:1:      dpeg_arrival_stone_temple_mockup, layout_loops_ring, serial_shops,
          nicolae_square_shop, shop_fountains, shop_statue,
          amcnicky_mini_pool_small
D:2:      layout_basic, nicolae_ecumenical_pavilion, basic_altar,
          kennysheep_generic_room_5, uniq_robin

Notes
Turn   | Place    | Note
-------+----------+-------------------------------------------
     0 | D:1      | sanka the Demigod Reaver began the quest for the Orb.
     0 | D:1      | Reached XP level 1. HP: 17/17 MP: 5/5
   244 | D:1      | Reached XP level 2. HP: 22/24 MP: 7/7
   249 | D:1      | Reached skill level 2 in Spellcasting
   254 | D:1      | Learned a level 2 spell: Momentum Strike
   383 | D:1      | Reached skill level 1 in Necromancy
   426 | D:1      | Found Hakai's Distillery.
   434 | D:1      | Bought a potion of heal wounds for 50 gold pieces
   473 | D:1      | Found Secw's General Store.
   487 | D:1      | Reached skill level 3 in Conjurations
   487 | D:1      | Reached skill level 1 in Translocations
   497 | D:1      | Found Pepranau's Book Shop.
   949 | D:2      | Reached skill level 1 in Unarmed Combat
   953 | D:2      | Noticed Robin
   988 | D:1      | Slain by a hobgoblin

Vanquished Creatures
  2 dart slugs (D:1)
  2 ball pythons (D:1)
  2 bats (D:1)
  An endoplasm (D:1)
  2 giant cockroaches (D:1)
  3 hobgoblins
  3 quokkas (D:1)
  2 frilled lizards (D:1)
  4 goblins
  3 kobolds (D:1)
  2 rats (D:1)
26 creatures vanquished.
